 Dungeon Crawl Stone Soup version 0.25-a0-603-g0321be95db (webtiles) character file.

Game seed: 8731262294198778052, levelgen mode: deterministic

56 Forecaster the Sneak (level 3, -9/28 HPs)
             Began as a Naga Wizard on Mar 16, 2020.
             Mangled by a worm (11 damage)
             ... on level 2 of the Dungeon.
             The game lasted 00:07:07 (768 turns).

Forecaster the Sneak (Naga Wizard)                   Turns: 768, Time: 00:07:08

Health: -9/28      AC:  3    Str: 10    XL:     3   Next: 97%
Magic:  0/8        EV: 10    Int: 18    God:
Gold:   118        SH:  0    Dex: 12    Spells: 4/9 levels left

rFire    . . .     SeeInvis +   e - +0 short sword
rCold    . . .     Gourm    .   (no shield)
rNeg     . . .     Faith    +   a - +0 robe
rPois    +         Spirit   .   b - +0 hat
rElec    .         Reflect  .   i - +0 cloak
rCorr    .         Harm     .   (no gloves)
MR       .....                  (no barding)
Stlth    ++........             f - amulet of faith
HPRegen  0.09/turn              g - +3 ring of dexterity
MPRegen  0.11/turn              (no ring)

@: very slow
A: large, see invisible, deformed body, poison resistance, slowness 2, slow
metabolism 1, spit poison 1, AC +1
a: Spit Poison


You were on level 2 of the Dungeon.
You were not hungry.

You visited 1 branch of the dungeon, and saw 2 of its levels.

You collected 118 gold pieces.

Inventory:

Hand Weapons
 c - a +0 club
 e - a +0 short sword (weapon)
 h - a +2 antimagic dagger
Armour
 a - a +0 robe (worn)
 b - a +0 hat (worn)
 i - a +0 cloak (worn)
Jewellery
 f - an amulet of faith (around neck)
 g - a +3 ring of dexterity (left hand)
Scrolls
 j - a scroll of identify {unknown}
Comestibles
 d - 4 rations


   Skills:
 + Level 0.3 Fighting
 + Level 0.1 Short Blades
 + Level 0.4 Maces & Flails
 + Level 2.1 Dodging
 + Level 4.0 Stealth
 + Level 3.6 Spellcasting
 + Level 1.1 Conjurations
 + Level 1.0 Summonings
 + Level 1.0 Translocations


You had 4 spell levels left.
You knew the following spells:

 Your Spells              Type           Power        Failure   Level  Hunger
a - Magic Dart            Conj           #...         10%         1    None
b - Call Imp              Summ           #.......     16%         2    ##.....
c - Blink                 Tloc           N/A          16%         2    ##.....

Your spell library contained the following spells:

 Spells                   Type           Power        Failure   Level  Hunger
 Slow                     Hex            #.......     24%         2    ##.....
 Conjure Flame            Conj/Fire      #.......     36%         3    ###....
 Mephitic Cloud           Conj/Pois/Air  #.......     36%         3    ###....


Dungeon Overview and Level Annotations

Branches:
Dungeon (2/15)

Altars:


Innate Abilities, Weirdness & Mutations

You cannot wear boots.
Your serpentine skin is tough. (AC +1)
You have supernaturally acute eyesight. (SInv)
Armour fits poorly on your strangely shaped body.
Your system is resistant to poisons. (rPois)
You cover ground very slowly.
You have a slow metabolism.
You can spit poison.


Message History

Your crimson imp hits the worm.
The worm barely misses your crimson imp.
Your crimson imp hits the worm but does no damage.
Your crimson imp barely misses the worm.
The worm bites your crimson imp!
Your crimson imp dies!
Casting: Call Imp (safe; 16% risk of failure)
Confirm with . or Enter, or press ? or * to list all spells.
Aiming: Magic Dart (safe; 10% risk of failure)
Press: ? - help, Shift-Dir - straight line, f/p - worm
Aim: a worm (lightly wounded)
The magic dart hits the worm but does no damage.
The worm is lightly wounded.
You hit the worm but do no damage. The worm bites you.
* * * LOW HITPOINT WARNING * * *
You aren't carrying any potions.
You hit the worm.
The worm is moderately wounded.
The worm bites you!
You die...

# .#### #.# #.##...# #.#
.....# ##.# #...#
###..##### ########.#
#........# .......†.#
##.....##.## .###.###.#
#.......#.##
##...##w######.....##.#.
.......@..............'.
##...##################.
##. ## # #


You could see a worm.

Vanquished Creatures
  An adder (D:2)
  A worm (D:2)
  3 dart slugs (D:1)
  A leopard gecko (D:2)
  A ball python (D:2)
  5 bats
  2 giant cockroaches
  8 goblins
  A hobgoblin (D:1)
  2 kobolds (D:1)
  A quokka (D:2)
  2 frilled lizards (D:1)
  5 rats (D:1)
33 creatures vanquished.

Vanquished Creatures (collateral kills)
  An ooze (D:2)
  A goblin (D:2)
  A frilled lizard (D:2)
3 creatures vanquished.

Grand Total: 36 creatures vanquished

Notes
Turn   | Place    | Note
-------+----------+-------------------------------------------
     0 | D:1      | Forecaster the Naga Wizard began the quest for the Orb.
     0 | D:1      | Reached XP level 1. HP: 15/15 MP: 4/4
    87 | D:1      | Reached XP level 2. HP: 21/22 MP: 6/6
   266 | D:1      | Reached XP level 3. HP: 26/28 MP: 0/7
   469 | D:1      | You fall into a shaft and drop 1 floor!
   475 | D:2      | Learned a level 2 spell: Call Imp
   478 | D:2      | Learned a level 2 spell: Blink
   738 | D:2      | Reached skill level 4 in Stealth
   768 | D:2      | Mangled by a worm

Levels and vault maps discovered:
D:1:      psy_arrival_terrarium, layout_basic
D:2:      layout_loops_corners, grunt_temple_overflow_open,
          uniq_crazy_yiuf_cottage, uniq_robin

Skill      XL: |  1  2  3 |
---------------+----------+-----
Dodging        | 2 |  2.1
Stealth        | 4 |  4.0
Fighting       | |  0.3
Short Blades   | |  0.1
Maces & Flails | |  0.4
Spellcasting   | |  3.6
Conjurations   | |  1.1
Summonings     | |  1.0
Translocations | |  1.0

Action                   || total
-------------------------++-------
Melee: Club              ||     8
       Short sword       ||    32
       Dagger            ||    16
 Cast: Magic Dart        ||    43
       Call Imp          ||     8
 Stab: Sleeping          ||     2
Armor: Robe              ||     7
Dodge: Dodged            ||    31

Table legend:
 A = Non-vault XP
 B = Vault XP
 C = Vault XP percentage of total XP
 D = Non-vault monster count
 E = Vault monster count
 F = Vault count percentage of total count
                 A         B        C        D         E       F
            +---------+---------+-------+---------+---------+-------
      Total |      81 |       0 |   0.0 |      36 |       0 |   0.0
            +---------+---------+-------+---------+---------+-------
        D:1 |      48 |       0 |   0.0 |      25 |       0 |   0.0
        D:2 |      33 |       0 |   0.0 |      11 |       0 |   0.0
            +---------+---------+-------+---------+---------+-------
